 Dungeon Crawl Stone Soup version 0.23-a0-448-g1c01f63 (console) character file.

14 utis the Sneak (level 2, 8/13 HPs)
             Began as a Spriggan Enchanter on Nov 20, 2018.
             Quit the game on level 2 of the Dungeon.
             The game lasted 00:02:59 (2269 turns).

utis the Sneak (Spriggan Enchanter)                 Turns: 2269, Time: 00:03:00

Health: 8/13       AC:  2    Str:  4    XL:     2   Next: 27%
Magic:  2/6        EV: 18    Int: 16    God:
Gold:   47         SH:  0    Dex: 16    Spells: 3/6 levels left

rFire    . . .     SeeInvis +   a - +1 dagger
rCold    . . .     Gourm    .   (shield restricted)
rNeg     . . .     Faith    .   b - +0 robe
rPois    .         Spirit   .   (helmet restricted)
rElec    .         Reflect  .   (no cloak)
rCorr    .         Harm     .   (gloves unavailable)
MR       .....                  (boots unavailable)
Stlth    +++.......             (no amulet)
HPRegen  0.04/turn              (no ring)
MPRegen  0.10/turn              (no ring)

@: very slightly contaminated, very quick
A: very small, unfitting armour, see invisible, herbivore, speed 3, slow
metabolism 2
a: no special abilities


You were on level 2 of the Dungeon.
You were not hungry.

You visited 1 branch of the dungeon, and saw 2 of its levels.

You collected 47 gold pieces.

Inventory:

Hand Weapons
 a - a +1 dagger (weapon)
 f - a +0 dagger of venom
 g - a +3 mace
Armour
 b - a +0 robe (worn)
Scrolls
 c - 2 scrolls of remove curse {unknown}
Potions
 e - a potion of might {unknown}
 h - a potion of haste {unknown}
 i - a potion of curing {unknown}
 j - a potion of degeneration {unknown}
Comestibles
 d - 4 rations {@e1}


   Skills:
 - Level 1.1 Short Blades
 - Level 3.0 Dodging
 - Level 4.4 Stealth
 - Level 2.6 Spellcasting
 + Level 4.4 Hexes
 + Level 0.2 Ice Magic


You had 3 spell levels left.
You knew the following spells:

 Your Spells              Type           Power        Failure   Level  Hunger
b - Ensorcelled Hibernat  Hex/Ice        #.....       11%         2    ##.....
z - Corona                Hex            ###....      3%          1    #......

Your spell library contained the following spells:

 Spells                   Type           Power        Failure   Level  Hunger
 Confuse                  Hex            ###.....     10%         3    ###....
 Tukima's Dance           Hex            ###.....     10%         3    ###....
 Dazzling Spray           Conj/Hex       #.....       24%         3    ###....


Dungeon Overview and Level Annotations

Branches:
Dungeon (2/15)

Altars:


Innate Abilities, Weirdness & Mutations

You are very small and have problems with some larger weapons.
You are too small for most types of armour.
You have supernaturally acute eyesight. (SInv)
You are a herbivore.
You cover ground extremely quickly.
You need to consume almost no food.


Message History

The leopard gecko bites you.
You miss the leopard gecko. The leopard gecko barely misses you.
You barely miss the leopard gecko.
The hobgoblin shouts!
The leopard gecko closely misses you.
Casting: Ensorcelled Hibernation (safe; 11% risk of failure)
Confirm with . or Enter, or press ? or * to list all spells.
You don't have enough magic to cast that spell.
The leopard gecko barely misses you.
Casting: Ensorcelled Hibernation (safe; 11% risk of failure)
Confirm with . or Enter, or press ? or * to list all spells.
You don't have enough magic to cast that spell.
The leopard gecko misses you.
Casting: Ensorcelled Hibernation (safe; 11% risk of failure)
Confirm with . or Enter, or press ? or * to list all spells.
You don't have enough magic to cast that spell.
The leopard gecko bites you.
Unknown command.
Unknown command.
Are you sure you want to abandon this character and quit the game? (Confirm

.......░..░
.......░..░
.....░.░..░
.....░.░..░░░░░░░
.....░░░..░.....░
.....†.....░.░░.░░░░
░░..░░░░...░..░....░
░..░░.....░░.░░░░.░░
░..░░.░.....l..i..<░
░...░.░.░....░░░░.░░
░.░.░.░.░.g.......░
░.....░.░...░.░░░░░
░░░..░░...░...░
░░.░░.░.░░.░░
░..░.░....░
░░.░.░░░░░░
░░...░░░░░░


You could see a leopard gecko and a hobgoblin.

Vanquished Creatures
  A dart slug (D:2)
  A giant cockroach (D:2)
  2 hobgoblins (D:1)
  3 kobolds
  A bat (D:2)
  A frilled lizard (D:1)
  2 goblins (D:1)
11 creatures vanquished.

Notes
Turn   | Place    | Note
-------+----------+-------------------------------------------
     0 | D:1      | utis the Spriggan Enchanter began the quest for the Orb.
     0 | D:1      | Reached XP level 1. HP: 9/9 MP: 5/5
  2092 | D:2      | Reached XP level 2. HP: 13/13 MP: 6/6
  2096 | D:2      | Learned a level 2 spell: Ensorcelled Hibernation
  2269 | D:2      | Quit the game

Vault maps used:
D:1:      dpeg_arrival_ternary
D:2:      first_ration, minmay_fractal_squares_5, uniq_jessica,
          uniq_crazy_yiuf_cottage

Skill      XL: |  1 |
---------------+----+-----
Hexes          | 4 |  4.4
Short Blades   | |  1.1
Dodging        | |  3.0
Stealth        | |  4.4
Spellcasting   | |  2.6
Ice Magic      | |  0.2

Action                   || total
-------------------------++-------
Melee: Dagger            ||    23
 Cast: Corona            ||     2
       Ensorcelled Hiber ||     5
 Stab: Sleeping          ||    10
Dodge: Dodged            ||    17

Table legend:
 A = Non-vault XP
 B = Vault XP
 C = Vault XP percentage of total XP
 D = Non-vault monster count
 E = Vault monster count
 F = Vault count percentage of total count
                 A         B        C        D         E       F
            +---------+---------+-------+---------+---------+-------
      Total |      20 |       0 |   0.0 |      11 |       0 |   0.0
            +---------+---------+-------+---------+---------+-------
        D:1 |       9 |       0 |   0.0 |       6 |       0 |   0.0
        D:2 |      11 |       0 |   0.0 |       5 |       0 |   0.0
            +---------+---------+-------+---------+---------+-------
